 Dungeon Crawl Stone Soup version 0.27.1-34-g3ba077fa99 (webtiles) character file.

Game seed: 12234589056122829588

510 cbfl8 the Covered (level 6, -6/56 HPs)
             Began as a Minotaur Fighter on Jan 25, 2022.
             Mangled by an iguana (11 damage)
             ... on level 4 of the Dungeon.
             The game lasted 00:05:10 (3208 turns).

cbfl8 the Covered (Minotaur Fighter)                Turns: 3208, Time: 00:05:10

Health: -6/56      AC:  7    Str: 23    XL:     6   Next: 98%
Magic:  5/5        EV:  8    Int:  5    God:
Gold:   83         SH: 10    Dex:  9    Spells: 5/5 levels left

rFire    + . .     SeeInvis .   n - +1 flail (vorpal)
rCold    . . .     Faith    .   c - +0 kite shield
rNeg     . . .     Spirit   .   b - +0 scale mail
rPois    .         Reflect  .   (helmet restricted)
rElec    .         Harm     .   (no cloak)
rCorr    .         Rampage  .   (no gloves)
Will     .....                  (no boots)
Stlth    ..........             (no amulet)
HPRegen  0.18/turn              v - ring of protection from fire
MPRegen  0.09/turn              (no ring)

@: no status effects
A: horns 2, retaliatory headbutt
a: no special abilities


You were on level 4 of the Dungeon.
You visited 1 branch of the dungeon, and saw 4 of its levels.

You collected 133 gold pieces.
You spent 50 gold pieces at shops.

Inventory:

Hand Weapons
 a - a +0 war axe
 e - a +0 spear of venom
 n - a +1 vorpal flail (weapon)
 s - a +0 whip of draining
Missiles
 p - 17 poisoned darts (quivered)
Armour
 b - a +0 scale mail (worn)
 c - a +0 kite shield (worn)
Jewellery
 v - a ring of protection from fire (left hand)
Wands
 m - a wand of flame (24)
Scrolls
 f - a scroll of fog {unknown}
 h - a scroll of enchant armour {unknown}
 k - 2 scrolls of teleportation {unknown}
 l - a scroll of torment {unknown}
 o - a scroll of noise {unknown}
 r - 2 scrolls of identify {unknown}
Potions
 d - a potion of brilliance {unknown}
 g - 2 potions of haste {unknown}
 i - 3 potions of curing {unknown}
 j - a potion of lignification {unknown}
 t - a potion of cancellation {unknown}
 u - a potion of mutation {unknown}


   Skills:
 + Level 5.2 Fighting
 + Level 2.8(4.1) Axes
 + Level 3.9(4.3) Maces & Flails
 + Level 1.8(2.6) Polearms
 + Level 5.4 Armour
 + Level 1.4 Dodging
 + Level 0.6 Stealth
 + Level 5.3 Shields


You had 5 spell levels left.
You didn't know any spells.
Your spell library was empty.

Dungeon Overview and Level Annotations

Branches:
Dungeon (4/15)
 Temple: D:4-7

Altars:

Shops:
D:2 !=


Innate Abilities, Weirdness & Mutations

You have a pair of horns on your head.
You reflexively headbutt those who attack you in melee.


Message History

The giant cockroach is severely wounded.
The giant cockroach bites you but does no damage.
You block the worm's attack.
You barely miss the giant cockroach.
The giant cockroach is severely wounded.
The giant cockroach bites you but does no damage.
The giant cockroach closely misses you.
The orc priest mumbles some strange prayers to Beogh against you.
Beogh smites you! The worm bites you.
You hit the giant cockroach.
You kill the giant cockroach!
You block the worm's attack.
You hit the orc priest.
You kill the orc priest!
An iguana comes into view.
The iguana hisses angrily.
Things that are here:
a +0 hand axe; an iguana corpse You sock the worm!
The worm is severely wounded.
You sock the worm!
You kill the worm!
You sock the iguana!
You headbutt the iguana, but do no damage.
The iguana is almost dead.
The iguana closely misses you. The iguana bites you.
* * * LOW HITPOINT WARNING * * *
You barely miss the iguana.
The iguana is almost dead.
The iguana bites you.
* * * LOW HITPOINT WARNING * * *
You closely miss the iguana. Your headbutt misses the iguana.
The iguana is almost dead.
The iguana bites you.
* * * LOW HITPOINT WARNING * * *
You barely miss the iguana.
You headbutt the iguana, but do no damage.
The iguana is almost dead.
You block the iguana's attack. The iguana bites you!
You die...

#.#..# .##.
#....# ## .#.
####.# . ..# #.#
##.#.. #.# #.#..
#.# #..# #.#
#..# ####.#
#...#l# #....#
### #@# # #
#.#### #.#.#..#
#.#######
###......(
#.......#
#.))....#
#.....#.#
#)#######
#.......# #.#
#.....#.######)#
##>#...........#
#.####.########


You could see an iguana.

Vanquished Creatures
  An ogre (D:3)
  A phantom (D:4)
  2 scorpions (D:4)
  An orc priest (D:4)
  A hound (D:4)
  Terence (D:2)
  An iguana (D:4)
  A gnoll (D:1)
  3 adders (D:2)
  2 worms
  5 orcs (D:4)
  6 endoplasms
  5 giant cockroaches
  4 goblins
  8 hobgoblins
  6 jackals (D:2)
  7 kobolds
  5 quokkas
  5 ball pythons
  6 bats
  2 frilled lizards (D:3)
  4 rats (D:1)
77 creatures vanquished.

Notes
Turn   | Place    | Note
-------+----------+-------------------------------------------
     0 | D:1      | cbfl8 the Minotaur Fighter began the quest for the Orb.
     0 | D:1      | Reached XP level 1. HP: 19/19 MP: 0/0
   277 | D:1      | Reached XP level 2. HP: 27/27 MP: 1/1
   490 | D:1      | Reached XP level 3. HP: 25/33 MP: 2/2
  1117 | D:2      | Found Bixuan's Jewellery Boutique.
  1131 | D:2      | Reached skill level 1 in Polearms
  1223 | D:2      | Noticed Terence
  1231 | D:2      | Killed Terence
  1232 | D:2      | Reached XP level 4. HP: 41/41 MP: 3/3
  1246 | D:2      | Found Kacsito's Distillery.
  1685 | D:2      | Bought a potion of heal wounds for 50 gold pieces
  2422 | D:3      | Noticed an ogre
  2431 | D:3      | Killed an ogre
  2432 | D:3      | Reached skill level 1 in Maces & Flails
  2432 | D:3      | Reached skill level 1 in Dodging
  2432 | D:3      | Reached XP level 5. HP: 47/47 MP: 4/4
  2972 | D:4      | Reached skill level 5 in Armour
  2972 | D:4      | Reached skill level 5 in Shields
  2972 | D:4      | Reached XP level 6. HP: 55/55 MP: 5/5
  3195 | D:4      | Reached skill level 5 in Fighting
  3208 | D:4      | Mangled by an iguana

Illustrated notes

Levels and vault maps discovered:
D:1:      wander_arrival_estate, layout_loops_ring,
          chequers_serial_rivers_small_b, minmay_bisected
D:2:      layout_loops_cross, serial_shops, shop, nicolae_shop_waterfront,
          uniq_terence
D:3:      layout_loops_ring
D:4:      layout_loops_cross, minmay_manual_mess

Skill      XL: |  1  2  3  4  5  6 |
---------------+-------------------+-----
Fighting       | 4 5 |  5.2
Armour         | 4 5 |  5.4
Shields        | 4 5 |  5.3
Polearms       | 1 |  1.8
Maces & Flails | 1 2 3 |  3.9
Dodging        | 1 |  1.4
Axes           | |  2.8
Stealth        | |  0.6

Action                   |  1- 3 |  4- 6 || total
-------------------------+-------+-------++-------
Melee: Spear             |    59 |       ||    59
       War axe           |     4 |       ||     4
       Headbutt          |     9 |    12 ||    21
       Flail             |       |   101 ||   101
  Use: Potion            |     1 |     1 ||     2
Armor: Scale mail        |    22 |    63 ||    85
Dodge: Dodged            |    20 |    45 ||    65
Block: Kite shield       |    34 |    55 ||    89
